 Dungeon Crawl Stone Soup version 0.24.0-13-gcf9b319 (webtiles) character file.

Game seed: 17320826089263848989, levelgen mode: deterministic

36 Dabs the Skirmisher (level 3, 0/29 HPs)
             Began as a Demonspawn Fighter on Jan 15, 2020.
             Succumbed to an adder's poison
             ... on level 2 of the Dungeon.
             The game lasted 00:01:41 (1280 turns).

Dabs the Skirmisher (Demonspawn Fighter)            Turns: 1280, Time: 00:01:41

Health: 0/29       AC:  6    Str: 22    XL:     3   Next: 19%
Magic:  3/3        EV: 15    Int:  9    God:
Gold:   29         SH:  0    Dex: 17    Spells: 2/2 levels left

rFire    . . .     SeeInvis .   a - +0 flail
rCold    . . .     Gourm    .   (no shield)
rNeg     . . .     Faith    .   b - +0 scale mail
rPois    .         Spirit   .   (no helmet)
rElec    .         Reflect  .   (no cloak)
rCorr    .         Harm     .   (no gloves)
MR       .....                  (no boots)
Stlth    +.........             (no amulet)
HPRegen  0.09/turn              (no ring)
MPRegen  0.08/turn              (no ring)

@: mighty, agile, lethally poisoned (0 -> -2), very slightly contaminated
A: foul stench 1, rot immunity
a: no special abilities


You were on level 2 of the Dungeon.
You were not hungry.

You visited 1 branch of the dungeon, and saw 2 of its levels.

You collected 29 gold pieces.

Inventory:

Hand Weapons
 a - a +0 flail (weapon)
Armour
 b - a +0 scale mail (worn)
 c - a +0 shield
Jewellery
 i - an uncursed amulet of magic regeneration {unknown}
Scrolls
 e - a scroll of fear {unknown}
 g - a scroll of remove curse {unknown}
 k - 2 scrolls of teleportation {unknown}
 l - a scroll of random uselessness {unknown}
 m - 3 scrolls of magic mapping {unknown}
 n - 4 scrolls of identify {unknown}
Comestibles
 f - 2 rations


   Skills:
 + Level 3.3 Fighting
 * Level 2.4 Maces & Flails
 + Level 3.0 Armour
 + Level 0.9 Dodging
 - Level 2.6 Shields


You had 2 spell levels left.
You didn't know any spells.
Your spell library was empty.

Dungeon Overview and Level Annotations

Branches:
Dungeon (2/15)

Altars:
Ashenzari


Innate Abilities, Weirdness & Mutations

You may emit foul miasma when damaged in melee.
You are immune to rotting.


Message History

The adder misses you.
You see here a buckler.
You barely miss the adder.
* * * LOW HITPOINT WARNING * * *
You feel sick. The adder barely misses you. The ball python misses you.
Unknown command.
* * * LOW HITPOINT WARNING * * *
You feel sick.
* * * LOW HITPOINT WARNING * * *
You feel sick. The adder misses you.
You flicker for a moment.
The adder misses you.
* * * LOW HITPOINT WARNING * * *
You feel sick. The adder bites you but does no damage.
* * * LOW HITPOINT WARNING * * *
You feel sick.
You flicker back into view.
The adder misses you. The adder bites you but does no damage.
You die...

#.## ###.## #..# ####.###
##...#### ##..# ##
#......####..#....######...###.
#...........##....##.....#..##.
#.......##..##.......####.[....
#......####.##....s.......#.###
#..†...# ##..#S....########.#
###.########...#.lS### #..
........# #..#..@..# ##..
........###......_.# #.#
..>................# ..
........###..#####.# ##
######### #.## #.# ### .. ###


You could see an adder, a giant cockroach, a ball python and a frilled lizard.

Vanquished Creatures
  An adder (D:2)
  2 dart slugs (D:1)
  A leopard gecko (D:1)
  5 goblins
  2 hobgoblins
  2 jackals (D:1)
  4 bats
  3 frilled lizards
  2 rats (D:1)
22 creatures vanquished.

Notes
Turn   | Place    | Note
-------+----------+-------------------------------------------
     0 | D:1      | Dabs the Demonspawn Fighter began the quest for the Orb.
     0 | D:1      | Reached XP level 1. HP: 18/18 MP: 1/1
   164 | D:1      | Gained mutation: You are immune to rotting. [demonic
                  | ancestry]
   164 | D:1      | Reached XP level 2. HP: 18/24 MP: 2/2
  1168 | D:2      | Found a faded altar of an unknown god.
  1216 | D:2      | Found a shattered altar of Ashenzari.
  1259 | D:2      | Gained mutation: You may emit foul miasma when damaged in
                  | melee. [demonic ancestry]
  1259 | D:2      | Reached XP level 3. HP: 8/29 MP: 3/3
  1273 | D:2      | HP: 1/29 [poisoned by an adder]
  1280 | D:2      | Succumbed to an adder's poison

Levels and vault maps discovered:
D:1:      dpeg_arrival_rhombi, layout_loops_ring, minmay_door_square
D:2:      layout_rooms, elyvilon_altar_3, overflow_temple_1_default,
          first_ration, chequers_ecumenical_altar_simple_redux,
          kennysheep_generic_room_3

Skill      XL: |  1  2 |
---------------+-------+-----
Maces & Flails | 2 |  2.4
Armour         | 3 |  3.0
Fighting       | |  3.3
Dodging        | |  0.9
Shields        | |  2.6

Action                   || total
-------------------------++-------
Melee: Flail             ||    89
  Use: Potion            ||     3
  Eat: Chunk             ||     1
Armor: Scale mail        ||    57
Dodge: Dodged            ||    63
